 Dungeon Crawl Stone Soup version 0.24-a0-279-ga7546fe674 (webtiles) character file.

Game seed: 6780058725030449822

514 HAL9000 the Covert (level 7, -9/34 HPs)
             Began as a Vine Stalker Assassin on May 1, 2019.
             Killed from afar by Dowan (22 damage)
             ... with a shard of ice
             ... on level 3 of the Dungeon.
             The game lasted 00:07:38 (4489 turns).

HAL9000 the Covert (Vine Stalker Assassin)          Turns: 4489, Time: 00:07:38

Health: -9/34      AC:  4    Str: 16    XL:     7   Next: 20%
Magic:  0/8        EV: 11    Int: 11    God:
Gold:   224        SH:  0    Dex: 15    Spells: 3/6 levels left

rFire    . . .     SeeInvis .   p - +2 dagger (venom)
rCold    . . .     Gourm    .   (no shield)
rNeg     . . .     Faith    .   c - +0 robe
rPois    .         Spirit   +   (no helmet)
rElec    .         Reflect  .   A - +1 cloak
rCorr    .         Harm     .   (no gloves)
MR       .....                  (no boots)
Stlth    ++++......             r - amulet of the acrobat
HPRegen  0.51/turn              (no ring)
MPRegen  0.11/turn              (no ring)

@: no status effects
A: fangs 2, regeneration 1, magic shield, antimagic bite, no potion heal 3, rot
immunity
a: no special abilities


You were on level 3 of the Dungeon.
You were very hungry.

You visited 1 branch of the dungeon, and saw 4 of its levels.
You also visited: Sewer.

You collected 224 gold pieces.

Inventory:

Hand Weapons
 a - a +2 dagger
 b - a +0 blowgun
 p - a +2 dagger of venom (weapon)
Missiles
 e - 8 poisoned needles
 w - 11 tomahawks (quivered)
Armour
 c - a +0 robe (worn)
 h - a +0 shield
 A - a +1 cloak (worn)
Jewellery
 r - an amulet of the acrobat (around neck)
Scrolls
 v - 2 scrolls of remove curse
 x - 4 scrolls of enchant armour {unknown}
 y - a scroll of magic mapping {unknown}
 B - a scroll of blinking {unknown}
Potions
 d - 3 potions of flight
 k - 2 potions of lignification
 l - a potion of brilliance {unknown}
 n - a potion of cancellation {unknown}
 t - 2 potions of mutation
Comestibles
 g - 5 rations


   Skills:
 - Level 1.7 Fighting
 + Level 3.8 Short Blades
 - Level 1.7 Throwing
 - Level 0.7 Dodging
 + Level 9.6 Stealth


You had 3 spell levels left.
You knew the following spells:

 Your Spells              Type           Power        Failure   Level  Hunger
a - Regeneration          Chrm/Necr      #.........   71%         3    ####...

Your spell library contained the following spells:

 Spells                   Type           Power        Failure   Level  Hunger
 Animate Skeleton         Necr           N/A          34%         1    ##.....
 Pain                     Necr           #...         34%         1    ##.....
 Vampiric Draining        Necr           #.........   71%         3    ####...
 Animate Dead             Necr           N/A          98%         4    #####..


Dungeon Overview and Level Annotations

Branches:
Dungeon (4/15)
 Temple: D:4-7

Altars:
Dithmenos
Gozag
Hepliaklqana
Nemelex Xobeh
Ru
Xom
Yredelemnul

Annotations:
D:3 Dowan


Innate Abilities, Weirdness & Mutations

You have extremely sharp teeth.
Your natural rate of healing is unusually fast.
When hurt, damage is shared between your health and your magic reserves.
Your bite disrupts and absorbs the magic of your enemies.
Potions cannot restore your health.
You are immune to rotting.


Message History

You barely miss Duvessa. Your bite misses Duvessa.
Duvessa is severely wounded.
Dowan hits you but does no damage.
You hit Duvessa but do no damage.
Duvessa looks as sick as possible!
You bite Duvessa. You drain her power.
You feel invigorated.
Duvessa is almost dead.
You kill Duvessa!
Dowan screams, "No!
Oh no!"
Dowan seems to find hidden reserves of power!
You have reached level 7!
Dowan hits you with a +0 dagger.
You closely miss Dowan. Your bite misses Dowan. Dowan barely misses you.
Dowan casts a spell at you. The stone arrow hits you!
You hit Dowan.
Dowan is moderately wounded.
Dowan points at you and mumbles some strange words.
The shard of ice hits you!!
Ouch! That really hurt!
You die...

#.........####...##..#######...##
##.......## ##..##..# ##.##
##.....## ##.....# #.# ##...##
#.#...## #.# ##'## ##.#### #.#
#.# #.# #.### #####.# #.# #....
......## #e# ##### ####...## #@#
#.....########)# ##.[...........#
####..#.########## ........#
####.#### ####.# .....# ######


You could see Dowan.

Vanquished Creatures
  Duvessa (D:3)
  A big kobold (Sewer)
  A quasit (D:3)
  Crazy Yiuf (D:3)
  An orc priest (D:3)
  A centaur skeleton (D:3)
  Jessica (D:2)
  A worker ant (D:4)
  6 adders
  An ooze (D:3)
  2 worms
  A dart slug (D:2)
  6 leopard geckos
  9 orcs (D:3)
  3 ball pythons (D:2)
  4 giant cockroaches
  6 goblins
  12 hobgoblins
  9 jackals
  5 bats
  6 frilled lizards
  9 kobolds
  A leopard gecko skeleton (D:4)
  12 rats
  A fungus (D:3)
101 creatures vanquished.

Notes
Turn   | Place    | Note
-------+----------+-------------------------------------------
     0 | D:1      | HAL9000 the Vine Stalker Assassin began the quest for the
                  | Orb.
     0 | D:1      | Reached XP level 1. HP: 11/11 MP: 2/2
    52 | D:1      | Reached skill level 5 in Stealth
   268 | D:1      | Reached XP level 2. HP: 15/15 MP: 3/3
   825 | D:1      | Reached XP level 3. HP: 18/18 MP: 4/4
   871 | D:1      | Reached skill level 6 in Stealth
  1702 | D:2      | Found a sparkling altar of Nemelex Xobeh.
  1702 | D:2      | Found a transporter.
  1796 | D:2      | Noticed Jessica
  1799 | D:2      | Killed Jessica
  1799 | D:2      | Gained mutation: Your natural rate of healing is unusually
                  | fast. [Vine Stalker growth]
  1799 | D:2      | Reached XP level 4. HP: 23/23 MP: 5/5
  1892 | D:2      | Found a shimmering altar of Xom.
  1893 | D:2      | Found a hazy altar of Hepliaklqana.
  1893 | D:2      | Noticed a thorn hunter
  1894 | D:2      | Noticed a spectral ugly thing
  1894 | D:2      | Noticed a thorn hunter
  1909 | D:2      | Found an opulent altar of Gozag.
  2094 | D:2      | Reached skill level 7 in Stealth
  2733 | D:3      | Reached XP level 5. HP: 12/26 MP: 3/6
  3124 | D:3      | Found a runed translucent door.
  3125 | D:3      | Noticed Crazy Yiuf
  3134 | D:3      | Killed Crazy Yiuf
  3134 | D:3      | Reached skill level 8 in Stealth
  3277 | D:3      | Found a glowing drain.
  3288 | Sewer    | Entered a sewer
  3406 | Sewer    | Noticed a big kobold
  3410 | Sewer    | Reached XP level 6. HP: 30/30 MP: 7/7
  3502 | Sewer    | Found a white marble altar of Elyvilon.
  3608 | D:3      | Reached skill level 9 in Stealth
  3975 | D:3      | Found a sacrificial altar of Ru.
  3980 | D:3      | Found a shadowy altar of Dithmenos.
  3989 | D:3      | Found a basalt altar of Yredelemnul.
  4240 | D:4      | Found a sparkling altar of Nemelex Xobeh.
  4433 | D:4      | Learned a level 3 spell: Regeneration
  4454 | D:4      | Noticed Dowan
  4455 | D:4      | Noticed Duvessa
  4487 | D:3      | Killed Duvessa
  4487 | D:3      | Reached XP level 7. HP: 22/34 MP: 8/8
  4489 | D:3      | Killed from afar by Dowan

Levels and vault maps discovered:
D:1:      dpeg_arrival_castle, layout_basic,
          wander_ebering_terrifying_dragon_lair
D:2:      layout_loops_ring, regret_index_temple_of_mockery,
          grunt_gozag_statues, grunt_nemelex_the_gamble, uniq_jessica
D:3:      cheibrodos_pilgrimage, layout_loops_corners, minitemple,
          portal_sewer_entry_f, first_ration, uniq_crazy_yiuf_cottage
D:4:      layout_layer_cave, old_standard_altar, nicolae_overflow_hidden_temple,
          marbit_many_paths, feat_on_display, uniq_duvessa

Skill      XL: |  1  2  3  4  5  6 |
---------------+-------------------+-----
Stealth        | 5 6 7 8 9 |  9.6
Short Blades   | 2 3 |  3.8
Fighting       | |  1.7
Throwing       | |  1.7
Dodging        | |  0.7

Action                   |  1- 3 |  4- 6 |  7- 9 || total
-------------------------+-------+-------+-------++-------
Melee: Dagger            |    89 |   161 |     2 ||   252
       Bite              |    20 |    49 |       ||    69
 Fire: Blowgun           |       |     9 |       ||     9
  Use: Scroll            |       |    10 |       ||    10
 Stab: Sleeping          |    15 |    20 |       ||    35
       Distracted        |       |     1 |       ||     1
  Eat: Chunk             |     3 |     7 |       ||    10
Armor: Robe              |    18 |    38 |       ||    56
Dodge: Dodged            |    35 |    83 |     1 ||   119

Table legend:
 A = Non-vault XP
 B = Vault XP
 C = Vault XP percentage of total XP
 D = Non-vault monster count
 E = Vault monster count
 F = Vault count percentage of total count
                 A         B        C        D         E       F
            +---------+---------+-------+---------+---------+-------
      Total |     322 |     413 |  56.2 |      74 |      26 |  26.0
            +---------+---------+-------+---------+---------+-------
        D:1 |      45 |       3 |   6.2 |      29 |       1 |   3.3
        D:2 |      54 |      40 |  42.6 |      23 |       2 |   8.0
        D:3 |     188 |     252 |  57.3 |      20 |      11 |  35.5
        D:4 |      35 |       2 |   5.4 |       2 |       1 |  33.3
      Sewer |       0 |     116 | 100.0 |       0 |      11 | 100.0
            +---------+---------+-------+---------+---------+-------
